 Dungeon Crawl Stone Soup version 0.21.1-1-g345015f (webtiles) character file.

39372 Kairos the Carver (level 14, -1/114 HPs)
             Began as a Vine Stalker Fighter on May 31, 2018.
             Was the Champion of Okawaru.
             Slain by a spriggan rider
             ... wielding a +0 spear
              (12 damage)
             ... on level 6 of the Lair of Beasts.
             The game lasted 00:31:38 (15223 turns).

Kairos the Carver (Vine Stalker Fighter)           Turns: 15223, Time: 00:31:39

Health: -1/114     AC: 27    Str: 30    XL:     14   Next: 6%
Magic:  0/16       EV:  2    Int: 12    God:    Okawaru [******]
Gold:   571        SH: 13    Dex: 17    Spells: 8/13 levels left

rFire    . . .     SeeInvis .   W - +5 long sword of Gallantry {drain, Dex+4}
rCold    . . .     Gourm    .   c - +0 shield
rNeg     + + +     Faith    +   (armour currently unavailable)
rPois    +         Spirit   +   (helmet currently unavailable)
rElec    .         Reflect  .   (cloak currently unavailable)
rCorr    .         Harm     .   (gloves currently unavailable)
MR       +....     NoTele   +   (boots currently unavailable)
Stlth    +++.......             s - amulet of faith
HPRegen  1.09/turn              w - ring of wizardry
MPRegen  0.15/turn              y - +4 ring of intelligence

@: mighty, tree-form (expiring), very slightly contaminated, hasted, invisible,
very quick
A: regeneration 2, magic shield, no potion heal 3, rot immunity
a: Heroism, Finesse, Renounce Religion


You were on level 6 of the Lair of Beasts.
You worshipped Okawaru.
Okawaru was exalted by your worship.
You were hungry.
You were a tree.
You visited 3 branches of the dungeon, and saw 19 of its levels.

You collected 898 gold pieces.
You spent 327 gold pieces at shops.

Inventory:

Hand Weapons
 t - the +10 zealot's sword {holy, *Rage rN+ EV+3}
   (You found it on level 6 of the Dungeon)

   It has been blessed by the Shining One to cause great damage to the undead
   and demons.
   It affects your evasion (+3).
   It protects you from negative energy.
   It may make you go berserk in combat.
 T - a +3 broad axe of draining
 V - the +1 spear of Makhleb's Envy {antimagic, Dex+4}
   (You found it on level 1 of the Lair of Beasts)

   It reduces the magical energy of the wielder, and disrupts the spells and
   magical abilities of those hit.
   Natural abilities and divine invocations are not affected.
   It affects your dexterity (+4).
 W - the +5 long sword of Gallantry (weapon) {drain, Dex+4}
   (Okawaru gifted it to you on level 1 of the Lair of Beasts)

   A truly terrible weapon, it drains the life of those it strikes.
   It affects your dexterity (+4).
Armour
 b - a +0 scale mail
 c - a +0 shield (worn)
 A - +0 acid dragon scales (melded)
 P - a +0 cloak of poison resistance (melded)
Jewellery
 s - an amulet of faith (around neck)
 w - a ring of wizardry (left branch)
 y - a +4 ring of intelligence (right branch)
 z - an uncursed ring of ice
 G - an uncursed amulet of magic regeneration
 O - an uncursed ring of positive energy
 S - an uncursed ring of resist corrosion
Wands
 a - a wand of paralysis (18)
 n - a wand of iceblast (6)
 C - a wand of enslavement (16)
 F - a wand of clouds (7)
 L - a wand of disintegration (11)
 R - a wand of digging (25)
Scrolls
 g - 7 scrolls of amnesia
 h - 2 scrolls of teleportation
 i - 2 scrolls of enchant weapon
 j - a scroll of random uselessness {unknown}
 m - 3 scrolls of enchant armour
 q - 5 scrolls of remove curse
 v - a scroll of silence
 B - a scroll of vulnerability
 I - 4 scrolls of fog
 J - 3 scrolls of magic mapping
 U - a scroll of holy word
 X - 2 scrolls of blinking
 Y - 3 scrolls of immolation
Potions
 d - 4 potions of might
 e - 5 potions of brilliance
 k - 10 potions of curing
 l - 4 potions of agility
 o - 3 potions of mutation
 p - 8 potions of resistance
 x - 3 potions of heal wounds
 Z - a potion of magic {unknown}
Books
 H - a book of Unlife

   Spells                             Type                      Level
   a - Recall                         Summoning/Translocation      3
   b - Animate Dead                   Necromancy                   4
   c - Borgnjor's Vile Clutch         Necromancy/Earth             5
   d - Death Channel                  Necromancy                   6
   e - Simulacrum                     Ice/Necromancy               6
Miscellaneous
 Q - a phial of floods
Comestibles
 f - 36 rations


   Skills:
 + Level 9.8 Fighting
 + Level 12.5 Long Blades
 + Level 6.5 Axes
 + Level 8.8 Armour
 + Level 5.3 Dodging
 + Level 3.7 Stealth
 + Level 8.9 Shields
 + Level 2.1 Invocations


You had 8 spell levels left.
You knew the following spells:

 Your Spells              Type           Power        Failure   Level  Hunger
a - Blink                 Tloc           N/A          38%         2    ###....
b - Regeneration          Chrm/Necr      #.........   61%         3    ####...


Dungeon Overview and Level Annotations

Branches:
Dungeon (12/15)            Temple (1/1) D:7            Lair (6/6) D:11
 Shoals (0/4) Lair:3       Spider (0/4) Lair:4        Slime (0/5) Lair:5
    Orc: D:9-12

Altars:
Dithmenos
Fedhas
Gozag
Hepliaklqana
Kikubaaqudgha
Nemelex Xobeh
Okawaru
Sif Muna
Trog
Wu Jian
Zin
The Shining One

Shops:
D:4 }   D:5 }*   D:10 [   D:11 [


Innate Abilities, Weirdness & Mutations

((You have razor-sharp teeth.))
You heal very quickly.
When hurt, damage is shared between your health and your magic reserves.
((Your bite disrupts and absorbs the magic of your enemies.))
Potions cannot restore your health.
You are immune to rotting.


Message History

The blink frog hits you but does no damage.
You barely miss the blink frog.
The blink frog is severely wounded.
You are feeling hungry.
The blink frog hits you but does no damage.
You catch the helpless blink frog completely off-guard!
You slash the blink frog!
You kill the blink frog!
The blink frog's corpse dissolves into shadows!
You block the spriggan rider's attack.
As you read the scroll of fog, it crumbles to dust.
The scroll dissolves into smoke.
The spriggan rider hits you but does no damage.
The spriggan rider hits you from afar with a spear.
* * * LOW HITPOINT WARNING * * *
Unknown command.
You feel very mighty all of a sudden. You block the spriggan rider's attack.
The spriggan rider hits you from afar with a spear!
You die...

♣♣♣ ♣♣♣♣
#♣♣♣♣♣♣♣♣♣.♣♣....
###....♣♣†♣......♣
#P..♣♣♣.......♣ .
##..♣ ♣♣♣♣♣F§♣♣
... #P.♣ ♣♣§§♣♣♣♣
♣h... ##.♣
♣..♣♣§i♣♣♣...♣
##P.#♣
♣.♣♣♣♣♣i).S.♣
#....♣ ♣.. ♣♣♣)♣♣♣
##PP.#♣ ♣. ♣♣♣
#P...♣ ♣. #P.P#♣♣♣
## ##....♣ .#
#..#.♣♣♣
.####.##♣.♣♣


You could see 2 spriggan riders.

Vanquished Creatures
  A hydra (Lair:4)
  A catoblepas (D:11)
  2 two-headed ogres
  3 death yaks (Lair:2)
  A death knight (D:11)
  A skeletal warrior (D:11)
  A phantasmal warrior (D:11)
  Pikel (D:7)
  An orb spider (Lair:4)
  2 ugly things
  6 elephants
  A torpor snail (Lair:4)
  10 spiny frogs
  7 black mambas
  A gargoyle (D:11)
  2 komodo dragons
  2 freezing wraiths (D:11)
  3 rime drakes
  3 trolls
  2 polar bears (Lair:6)
  2 hornets
  The ghost of kae the Insei, an amateur GnTm (D:3)
  3 blink frogs (Lair:3)
  12 hippogriffs
  10 dream sheep (Lair:5)
  A vampire (D:10)
  4 spriggans (Lair:6)
  3 wyverns
  27 yaks
  2 basilisks
  2 wraiths
  A hungry ghost (D:9)
  An acid dragon (D:7)
  6 water moccasins
  13 porcupines
  3 orc warriors
  5 ice beasts
  3 sky beasts
  3 black bears
  An eye of draining (D:11)
  2 phantoms (D:7)
  8 ogres
  7 wolves (Lair:6)
  13 crocodiles
  A big kobold (D:7)
  5 centaurs
  A wyvern zombie (D:9)
  13 bullfrogs
  11 killer bees
  2 scorpions
  11 wights
  3 howler monkeys
  5 crimson imps
  3 centaur zombies
  10 jellies (Lair:5)
  A quasit (D:7)
  A bullfrog zombie (D:9)
  4 orc priests
  5 hounds
  Terence (D:2)
  2 iguanas
  7 orc wizards
  8 worker ants
  A killer bee zombie (D:6)
  2 hound zombies
  Robin (D:2)
  3 worker ant zombies
  8 adders
  A shadow imp (D:5)
  7 oozes
  An adder skeleton (D:9)
  An adder zombie (D:5)
  3 worms
  2 dart slugs (D:1)
  4 leopard geckos
  30 orcs
  7 bats
  5 giant cockroaches
  9 hobgoblins
  13 jackals
  4 quokkas
  6 frilled lizards
  A giant cockroach zombie (D:6)
  16 goblins
  8 kobolds
  3 leopard gecko skeletons
  A quokka skeleton (D:8)
  A quokka zombie (D:5)
  5 rats
  A fungus (Lair:5)
  A plant (Lair:5)
423 creatures vanquished.

Vanquished Creatures (others)
  A slave (D:7)
  A necrophage (D:5)
  An orc priest (D:6)
  6 fungi
  3 plants (Lair:6)
12 creatures vanquished.

Grand Total: 435 creatures vanquished

Notes
Turn   | Place    | Note
-------+----------+-------------------------------------------
     0 | D:1      | Kairos the Vine Stalker Fighter began the quest for the Orb.
     0 | D:1      | Reached XP level 1. HP: 11/11 MP: 2/2
    60 | D:1      | Reached XP level 2. HP: 10/16 MP: 3/3
   405 | D:1      | Reached XP level 3. HP: 20/20 MP: 4/4
   917 | D:2      | Found a deep blue altar of Sif Muna.
   918 | D:2      | Found an ancient bone altar of Kikubaaqudgha.
   995 | D:2      | Noticed Terence
  1024 | D:2      | Killed Terence
  1024 | D:2      | Gained mutation: Your natural rate of healing is unusually fast. [Vine Stalker growth]
  1024 | D:2      | Reached XP level 4. HP: 10/24 MP: 3/5
  1028 | D:2      | Noticed Robin
  1177 | D:2      | Killed Robin
  1510 | D:2      | Found an opulent altar of Gozag.
  1918 | D:3      | Noticed kae's ghost (amateur GnTm)
  1947 | D:3      | Killed kae's ghost
  1947 | D:3      | Reached XP level 5. HP: 15/29 MP: 2/6
  1947 | D:3      | Reached XP level 6. HP: 17/33 MP: 2/7
  2895 | D:4      | Found List's Gadget Shop.
  3079 | D:5      | Entered Level 5 of the Dungeon
  3090 | D:5      | Noticed an ice beast
  3099 | D:5      | Killed an ice beast
  3099 | D:5      | Reached skill level 1 in Dodging
  3099 | D:5      | Reached XP level 7. HP: 10/37 MP: 3/8
  3259 | D:5      | Found a sparkling altar of Nemelex Xobeh.
  3307 | D:5      | Found Ynielui's Assorted Antiques.
  3315 | D:5      | Bought a glowing war axe for 162 gold pieces
  3353 | D:5      | Reached skill level 1 in Stealth
  3429 | D:5      | Reached skill level 5 in Axes
  3973 | D:5      | Gained mutation: You have razor-sharp teeth. [Vine Stalker growth]
  3973 | D:5      | Reached XP level 8. HP: 42/42 MP: 9/9
  4367 | D:5      | Found Xedeiqo's Gadget Boutique.
  4712 | D:6      | Found the +10 zealot's sword {holy, *Rage rN+ EV+3}
  4721 | D:6      | Reached skill level 5 in Armour
  5482 | D:6      | Reached skill level 1 in Long Blades
  5482 | D:6      | Reached XP level 9. HP: 32/46 MP: 6/10
  5815 | D:6      | Reached skill level 2 in Long Blades
  5821 | D:6      | You fall through a shaft for 2 floors!
  5919 | D:8      | Reached skill level 3 in Long Blades
  5922 | D:8      | Reached skill level 5 in Fighting
  5959 | D:7      | Learned a level 2 spell: Blink
  5979 | D:7      | Found a staircase to the Ecumenical Temple.
  5984 | D:7      | Reached skill level 4 in Long Blades
  6010 | Temple   | Entered the Ecumenical Temple
  6026 | Temple   | Became a worshipper of Warmaster Okawaru
  6375 | D:7      | Reached skill level 5 in Long Blades
  6435 | D:7      | Reached * piety under Okawaru
  6455 | D:7      | Noticed Pikel
  6461 | D:7      | Killed Pikel
  6461 | D:7      | Reached skill level 5 in Shields
  6461 | D:7      | Reached XP level 10. HP: 48/53 MP: 8/11
  6468 | D:7      | Reached ** piety under Okawaru
  6470 | D:7      | Reached skill level 6 in Long Blades
  6557 | D:7      | Found a hazy altar of Hepliaklqana.
  6629 | D:7      | Found a bloodstained altar of Trog.
  7566 | D:9      | Reached skill level 7 in Long Blades
  7576 | D:9      | Reached *** piety under Okawaru
  8324 | D:9      | Learned a level 3 spell: Regeneration
  8552 | D:10     | Entered Level 10 of the Dungeon
  8845 | D:10     | Reached skill level 8 in Long Blades
  9171 | D:10     | Reached XP level 11. HP: 58/58 MP: 12/12
  9241 | D:10     | Found Vanagua's Antique Armour Emporium.
  9244 | D:10     | Bought a runed cloak for 165 gold pieces
  9430 | D:10     | Reached **** piety under Okawaru
  9433 | D:10     | Noticed a two-headed ogre
  9438 | D:10     | Killed a two-headed ogre
  9438 | D:10     | Received a gift from Okawaru
  9803 | D:11     | Noticed a purple ugly thing
  9818 | D:11     | Killed a purple ugly thing
  9849 | D:11     | Found Ficituel's Armour Emporium.
  9885 | D:11     | Noticed a two-headed ogre
  9897 | D:11     | Killed a two-headed ogre
  9908 | D:11     | Reached skill level 9 in Long Blades
  9932 | D:11     | Found a staircase to the Lair.
 10043 | D:11     | Noticed a death knight
 10043 | D:11     | Noticed a phantasmal warrior
 10045 | D:11     | Killed a phantasmal warrior
 10045 | D:11     | Reached ***** piety under Okawaru
 10046 | D:11     | Noticed a skeletal warrior
 10056 | D:11     | Killed a death knight
 10070 | D:11     | Killed a skeletal warrior
 10308 | D:11     | Noticed a catoblepas
 10317 | D:11     | Killed a catoblepas
 10317 | D:11     | Gained mutation: You heal very quickly. [Vine Stalker growth]
 10317 | D:11     | Reached XP level 12. HP: 55/64 MP: 13/13
 10406 | D:11     | You fall through a shaft!
 10412 | D:12     | Reached skill level 10 in Long Blades
 10601 | Lair:1   | Entered Level 1 of the Lair of Beasts
 10652 | Lair:1   | Got a twisted spear
 10653 | Lair:1   | Identified the cursed +1 spear of Makhleb's Envy {antimagic, Dex+4} (You found it on level 1 of the Lair of Beasts)
 10727 | Lair:1   | Received a gift from Okawaru
 10730 | Lair:1   | Got an iridescent long sword {god gift}
 10731 | Lair:1   | Identified the +5 long sword of Gallantry {drain, Dex+4} (Okawaru gifted it to you on level 1 of the Lair of Beasts)
 10797 | Lair:1   | Noticed a seven-headed hydra
 11244 | Lair:2   | Noticed a death yak
 11246 | Lair:2   | Noticed a death yak
 11246 | Lair:2   | Noticed a death yak
 11260 | Lair:2   | Killed a death yak
 11271 | Lair:2   | Killed a death yak
 11277 | Lair:2   | Killed a death yak
 11412 | Lair:2   | Reached ****** piety under Okawaru
 11492 | Lair:2   | Reached skill level 1 in Invocations
 11629 | Lair:2   | Reached skill level 11 in Long Blades
 11820 | Lair:3   | Received a gift from Okawaru
 12208 | Lair:3   | Reached XP level 13. HP: 69/69 MP: 15/15
 12235 | Lair:3   | Found a staircase to the Shoals.
 12854 | Lair:4   | Received a gift from Okawaru
 12857 | Lair:4   | Got a jewelled trident {god gift}
 13123 | Lair:4   | Identified the +1 trident "Epna" {pierce, Fragile rF+ rC+++ Str+3} (Okawaru gifted it to you on level 4 of the Lair of Beasts)
 13133 | Lair:4   | Found a hole to the Spider Nest.
 13175 | Lair:4   | Found a runed door.
 13589 | Lair:4   | Got a bloodstained hand axe
 13590 | Lair:4   | Identified the cursed +1 hand axe of the Weasel {venom, rF+} (You found it on level 4 of the Lair of Beasts)
 13943 | Lair:5   | Found a staircase to the Slime Pits.
 13968 | Lair:5   | Received a gift from Okawaru
 14187 | Lair:5   | Reached skill level 12 in Long Blades
 14500 | Lair:6   | Entered Level 6 of the Lair of Beasts
 14818 | Lair:6   | Reached skill level 5 in Dodging
 15140 | Lair:6   | Reached XP level 14. HP: 64/76 MP: 13/16
 15177 | Lair:6   | Received a gift from Okawaru
 15201 | Lair:6   | HP: 5/114 [black mamba[a boggart] (8)]
 15207 | Lair:6   | HP: 2/114 [blink frog[a boggart] (7)]
 15223 | Lair:6   | Slain by a spriggan rider

Skill      XL: |  1  2  3  4  5  6  7  8  9 10 11 12 13 |
---------------+----------------------------------------+-----
Fighting       | 3 4 6 7 8 9 |  9.8
Axes           | 2 3 4 5 6 |  6.5
Shields        | 3 4 5 6 7 8 |  8.9
Armour         | 3 4 5 6 7 8 |  8.8
Dodging        | 1 2 3 5 |  5.3
Stealth        | 1 2 3 |  3.7
Long Blades    | 1 5 8 9 11 12 | 12.5
Invocations    | 1 2 |  2.1

Action                   |  1- 3 |  4- 6 |  7- 9 | 10-12 | 13-15 || total
-------------------------+-------+-------+-------+-------+-------++-------
Melee: War axe           |    85 |   144 |    66 |       |       ||   295
       Bite              |    20 |    31 |    51 |   187 |   175 ||   464
       Eudemon blade     |       |       |   104 |   289 |       ||   393
       Long sword        |       |       |       |   162 |   334 ||   496
Invok: Heroism           |       |       |       |     4 |     7 ||    11
       Finesse           |       |       |       |     1 |       ||     1
Evoke: Wand              |       |       |       |       |     5 ||     5
  Use: Scroll            |       |     6 |     1 |    17 |     4 ||    28
       Potion            |       |       |       |       |     4 ||     4
 Stab: Sleeping          |       |       |       |     1 |     1 ||     2
       Distracted        |       |       |       |       |     1 ||     1
       Invisible         |       |       |       |       |     2 ||     2
  Eat: Chunk             |       |     4 |     8 |    15 |    10 ||    37
       Ration            |       |     1 |     1 |     1 |       ||     3
Armor: Scale mail        |    32 |    64 |    43 |    91 |       ||   230
       Acid dragon scale |       |       |       |    15 |    73 ||    88
       Skin              |       |       |       |       |    34 ||    34
Dodge: Dodged            |    28 |    43 |    59 |   142 |   158 ||   430
Block: Shield            |    51 |    72 |    66 |   225 |   231 ||   645
       Rpst.: Eudemon blade |       |       |    15 |    26 |       ||    41
       Long sword        |       |       |       |    22 |    32 ||    54
